 Dungeon Crawl Stone Soup version 0.32-a0-928-g1cae6b7ea0 (webtiles) character file.

Game seed: 9272712652307599366

31 greenreed the Ruffian (level 3, 0/27 HPs)
             Began as a Djinni Shapeshifter on Apr 12, 2024.
             Was an Initiate of Gozag.
             Killed from afar by an orc wizard (5 damage)
             ... with a puff of flame
             ... on level 2 of the Dungeon.
             The game lasted 00:02:34 (1197 turns).

greenreed the Ruffian (Djinni Shapeshifter)         Turns: 1197, Time: 00:02:36

Health: 0/27       AC:  2    Str: 15    XL:     3   Next: 40%
Gold:   173        EV: 11    Int: 11    God:    Gozag SH:  0 Dex: 12

rFire   + +          .
                       - Unarmed
rCold   x . .        (no shield)
rNeg    . . .        a - +0 animal skin
rPois   ∞            (helmet currently unavailable)
rElec   .            (cloak currently unavailable)
rCorr   .            (gloves currently unavailable)
SInv    .            (boots unavailable)
Will    .....        (no amulet)
Stlth   +            (no ring)
HPRegen 0.24/turn    (no ring)

%: infuse magic (-1 HP)
@: confused, beast-form, flying
A: beast (slay +1), flying, sickness immunity, fire resistance 2, cold
vulnerability 1, float, innate caster, HP casting, extra vitality 1
a: Begin Untransformation, Renounce Religion, Potion Petition, Call Merchant,
Bribe Branch


You were on level 2 of the Dungeon.
You worshipped Gozag.
Gozag was aware of your devotion.
You were a hulking beast.
You visited 1 branch of the dungeon, and saw 2 of its levels.

You collected 192 gold pieces.
You paid 19 gold pieces to Gozag.

Inventory:

Armour
 a - a +0 animal skin (worn)
 h - a +0 cloak
 k - a +1 hat
Talismans
 c - a beast talisman (active)
 d - a flux talisman
Scrolls
 f - 3 scrolls of enchant armour {unknown}
 j - a scroll of enchant weapon {unknown}
Potions
 b - a potion of lignification
 e - 2 potions of heal wounds {unknown}
 g - 2 potions of enlightenment {unknown}
 i - 2 potions of haste {unknown}


   Skills:
 + Level 1.5 Fighting
 + Level 2.6 Dodging
 * Level 3.5 Unarmed Combat
 + Level 2.9 Shapeshifting


You knew the following spells:

 Your Spells              Type           Power      Damage    Failure   Level
a - Sandblast             Erth           0%         2d4       34%         1
Your spell library was empty.

Dungeon Overview and Level Annotations

Branches:
Dungeon (2/15)

Altars:
Gozag
Zin


Innate Abilities, Weirdness & Mutations

You are a hulking beast.
Your limbs bulge with bestial killing power. (Slay +1)
You are flying.
You are immune to sickness and miasma.
You are immune to poison.
Your flesh is very heat resistant. (rF++)
You are vulnerable to cold. (rC-)
You float through the air rather than walking.
You learn spells naturally, not from books.
Your magical power is your life essence.
You have superior vitality. (+4 MHP)


Message History

You barely miss something. Something hits you.
You hit something.
The orc wizard hits you but does no damage.
You hear some strange, mumbled words.
You are confused.
There is an open door here.
You're too confused to move!
The orc wizard hits you with a +0 dagger.
You hear some strange, mumbled words.
You are more confused.
Something hits you. The orc wizard casts a spell at you.
You resist with some effort. Something hits you.
You bump into the rock wall.
Something barely misses you.
You bump into the rock wall.
The orc wizard hits you with a +0 dagger.
Something hits you.
You barely miss the orc wizard.
The orc wizard hits you with a +0 dagger.
Something hits you.
You closely miss the orc wizard.
The orc wizard hits you but does no damage.
Something hits you.
You bump into the rock wall.
The orc wizard hits you but does no damage.
Something hits you.
* * * LOW HITPOINT WARNING * * *
The orc wizard hits you but does no damage.
There is an open door here.
You bump into the rock wall.
The orc wizard barely misses you. Something hits you.
* * * LOW HITPOINT WARNING * * *
You bump into the rock wall.
The orc wizard hits you with a +0 dagger.
* * * LOW HITPOINT WARNING * * *
You hear some strange, mumbled words.
A puff of flame appears from out of thin air!
The puff of flame hits you. You resist.
You die...
Your body crumbles into a pile of gold.

#..........#
########.#####.#####
#............o......
######'#+#####.#####
#.....# #.# #.###ß#
#...... #.#...#
#...... #.#{#.##
#...o.. #.ho#..##
##.....
#####._.##### o.o#'
##..#P'.# .....
##.#.#.# ##.#.
#...#.# #ß###.#
#.....# #'##### #.#
#.....# #.##


You could see an orc wizard.

Vanquished Creatures
  An orc (D:2)
  4 endoplasms (D:1)
  A giant cockroach (D:1)
  3 goblins (D:1)
  3 hobgoblins
  2 kobolds (D:1)
  2 quokkas
  4 ball pythons (D:1)
  A bat (D:1)
  3 frilled lizards (D:1)
  3 rats
27 creatures vanquished.

Notes
Turn   | Place    | Note
-------+----------+-------------------------------------------
     0 | D:1      | greenreed the Djinni Shapeshifter began the quest for the
                  | Orb.
     0 | D:1      | Reached XP level 1. HP: 17/17 MP: 0/0
   171 | D:1      | Reached XP level 2. HP: 5/22 MP: 0/0
   362 | D:1      | Found an opulent altar of Gozag.
   367 | D:1      | Became a worshipper of Gozag Ym Sagoz the Greedy
   753 | D:1      | Reached XP level 3. HP: 27/27 MP: 0/0
   753 | D:1      | Learned a level 1 spell: Sandblast
  1027 | D:2      | Found a glowing silver altar of Zin.
  1058 | D:2      | Found a faded altar of an unknown god.
  1197 | D:2      | Killed from afar by an orc wizard

Illustrated notes

Levels and vault maps discovered:
D:1:      sevenhm_arrival_forest_fort_small_6, layout_loops_ring, serial_rivers,
          chequers_serial_rivers_small_b, chequers_serial_rivers_small_a,
          chequers_serial_rivers_marsh, chequers_serial_rivers_micro_a
D:2:      layout_basic, shapermc_ecumenical_altar_ellora, basic_altar,
          minmay_gold_behind_fungi, st_stairs_7

Action                     || total
---------------------------++-------
  Melee: Unarmed           ||    79
         Punch             ||     1
 Armour: Animal skin       ||    51
  Dodge: Dodged            ||    28

Table legend: (Time is in decaauts)
 A = Elapsed time spent in this place.
 B = Non-inter-level travel time spent in this place.
 C = Inter-level travel time spent in this place.
 D = Time resting spent in this place.
 E = Time spent auto-exploring this place.
 F = Levels seen in this place.
 G = Mean time per level.
                   A        B        C        D        E       F      G
               +--------+--------+--------+--------+--------+-----+--------+
         Total |   1192 |   1129 |     63 |      0 |    935 |   2 |  596.0 |
       Dungeon |   1192 |   1129 |     63 |      0 |    935 |   2 |  596.0 |
               +--------+--------+--------+--------+--------+-----+--------+

Top non-repeatable levels by time:
     D:1: 1014 daAuts
     D:2: 177 daAuts
